 Dungeon Crawl Stone Soup version 0.27-a0-906-g0a00ce8 (webtiles) character file.

Game seed: 5800738711067862742

48 2tousent the Skirmisher (level 3, -9/30 HPs)
             Began as a Demonspawn Monk on Apr 7, 2021.
             Mangled by an ogre
             ... wielding a +0 giant spiked club
             ... created by the fury of Okawaru
              (32 damage)
             ... on level 2 of the Dungeon.
             The game lasted 00:04:38 (1343 turns).

2tousent the Skirmisher (Demonspawn Monk)           Turns: 1343, Time: 00:04:38

Health: -9/30      AC:  0    Str: 12    XL:     3   Next: 50%
Magic:  2/3        EV: 13    Int: 11    God:
Gold:   56         SH:  0    Dex: 15    Spells: 1/2 levels left

rFire    . . .     SeeInvis .   g - +2 dagger (speed)
rCold    . . .     Faith    .   (no shield)
rNeg     . . .     Spirit   .   (no armour)
rPois    .         Reflect  .   (helmet currently unavailable)
rElec    .         Harm     .   (no cloak)
rCorr    .         Rampage  .   (no gloves)
Will     .....                  (boots currently unavailable)
Stlth    ++........             (no amulet)
HPRegen  0.10/turn              (no ring)
MPRegen  0.08/turn              (no ring)

@: appendages (expiring)
A: talons 2, horns 1, foul stench 1
a: End Transformation


You were on level 2 of the Dungeon.
You had temporarily grown beastly talons.
You visited 1 branch of the dungeon, and saw 2 of its levels.

You collected 56 gold pieces.

Inventory:

Hand Weapons
 a - a +0 falchion
 g - a +2 dagger of speed (weapon)
Armour
 b - a +0 robe
 d - a +0 pair of boots (melded)
Jewellery
 c - a ring of flight
Scrolls
 f - a scroll of identify {unknown}
 h - a scroll of magic mapping {unknown}
Potions
 e - a potion of degeneration {unknown}
 j - a potion of attraction {unknown}
 k - a potion of brilliance {unknown}


   Skills:
 + Level 4.1 Fighting
 - Level 2.6 Long Blades
 + Level 3.2 Dodging
 - Level 1.7 Stealth
 * Level 0.0 Spellcasting
 * Level 0.0 Transmutations


You had one spell level left.
You knew the following spells:

 Your Spells              Type           Power      Damage    Failure   Level
a - Beastly Appendage     Tmut           0%         N/A       34%         1

Your spell library contained the following spells:

 Spells                   Type           Power      Damage    Failure   Level
 Wereblood                Tmut           0%         N/A       47%         2
 Spider Form              Tmut/Pois      0%         N/A       71%         3
 Ice Form                 Ice/Tmut       0%         N/A       98%         4
 Hydra Form               Tmut           0%         N/A       100%        5


Dungeon Overview and Level Annotations

Branches:
Dungeon (2/15)

Altars:
Okawaru


Innate Abilities, Weirdness & Mutations

You have temporarily grown beastly talons.
You have a pair of small horns on your head.
You may rarely emit foul miasma when damaged in melee.


Message History

You kill the adder!
No target in view!
No target in view!
Memorise Beastly Appendage, consuming 1 spell level and leaving 1?
You start memorising the spell.
You continue memorising.
You finish memorising.
Spell assigned to 'a'.
Sorry, you're not good enough to have a special ability.
Drop what? 11/52 slots (_ for help) (? for menu, Esc to quit)
You start removing your armour.
You continue taking off your +3 ring mail of cold resistance. x4
You finish taking off your +3 ring mail of cold resistance.
You feel less resistant to cold.
You drop a +3 ring mail of cold resistance.
Sorry, you're not good enough to have a special ability.
Okay, then.
Search for what [? for help]? obe You start putting on your armour.
You continue putting on your +0 robe.
Okawaru sends forces against you!
Keep equipping yourself? [Y]es or [N]o only, please.
Keep equipping yourself?
You stop putting on your armour.
You aren't carrying any items that you can evoke.
You aren't carrying any items that you can evoke.
Sorry, you're not good enough to have a special ability.
Casting: Beastly Appendage (safe; 34% risk of failure)
Confirm with . or Enter, or press ? or * to list all spells.
Your feet morph into talons.
Your +0 pair of boots melds into your body.
You hit the ogre but do no damage. You hit the ogre.
The ogre is lightly wounded.
The ogre hits you with a +0 giant spiked club!
You hit the ogre.
The ogre is moderately wounded.
You hit the ogre but do no damage. You claw the ogre.
The ogre is moderately wounded.
The ogre hits you with a +0 giant spiked club!!
Ouch! That really hurt!
You die...

#.#.....#....#
#.#.....#....#
#.#.....#....#
#.##....#....#
#.##......#.### #
#.##..........## .#
#.##....#.#.##.###.#
..#######....##.#O#
........#....###@#
†.#####.#....# #.#
..# #....# #.# ..#
#...## .## ... #..#
# .... ##.># .##


You could see an ogre.

Vanquished Creatures
  An adder (D:2)
  2 ball pythons (D:1)
  3 bats
  5 endoplasms
  2 giant cockroaches (D:1)
  2 goblins
  3 hobgoblins (D:1)
  4 jackals (D:1)
  3 kobolds (D:1)
  3 quokkas (D:1)
  2 frilled lizards (D:1)
  4 rats
34 creatures vanquished.

Notes
Turn   | Place    | Note
-------+----------+-------------------------------------------
     0 | D:1      | 2tousent the Demonspawn Monk began the quest for the Orb.
     0 | D:1      | Reached XP level 1. HP: 18/18 MP: 1/1
   185 | D:1      | Gained mutation: You have a pair of small horns on your
                  | head. [demonic ancestry]
   185 | D:1      | Reached XP level 2. HP: 21/24 MP: 2/2
   379 | D:1      | Found a faded altar of an unknown god.
   392 | D:1      | Became a worshipper of Warmaster Okawaru
   392 | D:1      | Reached * piety under Okawaru
   392 | D:1      | Reached ** piety under Okawaru
   393 | D:1      | Fell from the grace of Okawaru
   855 | D:1      | Gained mutation: You may rarely emit foul miasma when
                  | damaged in melee. [demonic ancestry]
   855 | D:1      | Reached XP level 3. HP: 30/30 MP: 3/3
  1277 | D:2      | Reached skill level 4 in Fighting
  1331 | D:2      | Learned a level 1 spell: Beastly Appendage
  1339 | D:2      | Noticed an ogre
  1343 | D:2      | Mangled by an ogre

Illustrated notes

Levels and vault maps discovered:
D:1:      minmay_arrival_semitransparent, layout_basic, basic_ecumenical_altar
D:2:      wad_river_or_something, layout_basic, ebering_dispersal_statue_hall,
          cheibrodos_gnoll_hut

Skill      XL: |  1  2  3 |
---------------+----------+-----
Dodging        | 3 |  3.2
Fighting       | 4 |  4.1
Long Blades    | |  2.6
Stealth        | |  1.7

Action                   || total
-------------------------++-------
Melee: Falchion          ||    48
       Dagger            ||    52
       Headbutt          ||    15
       Kick              ||     1
 Cast: Beastly Appendage ||     1
Invok: Renounce Religion ||     1
 Stab: Sleeping          ||     2
Armor: Robe              ||    14
       Ring mail         ||    12
Dodge: Dodged            ||    65
       Rpst.: Falchion   ||     8

Table legend: (Time is in decaauts)
 A = Elapsed time spent in this place.
 B = Non-inter-level travel time spent in this place.
 C = Inter-level travel time spent in this place.
 D = Time resting spent in this place.
 E = Time spent auto-exploring this place.
 F = Levels seen in this place.
 G = Mean time per level.
                   A        B        C        D        E       F      G
               +--------+--------+--------+--------+--------+-----+--------+
         Total |   1331 |   1293 |     38 |      0 |   1066 |   2 |  665.5 |
       Dungeon |   1331 |   1293 |     38 |      0 |   1066 |   2 |  665.5 |
               +--------+--------+--------+--------+--------+-----+--------+

Top non-repeatable levels by time:
     D:1: 1249 daAuts
     D:2: 81 daAuts
